 Dungeon Crawl Stone Soup version 0.19-a0-749-g66ae36b (webtiles) character file.

45 Implojin the Ruffian (level 3, -2/36 HPs)
             Began as a Troll Fighter on June 24, 2016.
             Slain by Ijyb
             ... wielding a +3 dagger of electrocution
              (20 damage)
             ... on level 3 of the Dungeon.
             The game lasted 00:00:57 (129 turns).

Implojin the Ruffian (Troll Fighter)                 Turns: 129, Time: 00:00:57

Health: -2/36      AC:  5    Str: 29    XL:     3   Next: 42%
Magic:  2/2        EV:  8    Int:  4    God:
Gold:   0          SH:  9    Dex: 10    Spells: 0 memorised, 2 levels left

rFire  . . .     SeeInvis .       - Unarmed
rCold  . . .     Gourm    +     a - +0 robe
rNeg   . . .     Faith    .     b - +0 shield
rPois  .         Spirit   .     (helmet restricted)
rElec  .         Dismiss  .     (no cloak)
rCorr  .         Reflect  .     (gloves unavailable)
SustAt .         Harm     .     (boots unavailable)
MR     .....                    (no amulet)
Stlth  +.........               (no ring)
                                (no ring)

@: mighty, not resistant to hostile enchantments, very unstealthy
A: unfitting armour, claws 3, fast metabolism 3, gourmand, regeneration 2,
shaggy fur 1, tough skin 2
a: no special abilities


You were on level 3 of the Dungeon.
You were not hungry.

You visited 1 branch of the dungeon, and saw 4 of its levels.

Inventory:

Missiles
 c - 4 tomahawks (quivered)
Armour
 a - a +0 robe (worn)
 b - a +0 shield (worn)
Scrolls
 e - 2 scrolls of recharging {unknown}
Potions
 f - a potion of heal wounds {unknown}
 g - a potion of flight {unknown}
Comestibles
 d - 2 bread rations


   Skills:
 - Level 2.4 Fighting
 - Level 2.4 Dodging
 - Level 2.4 Shields
 * Level 3.9 Unarmed Combat


You had 2 spell levels left.
You didn't know any spells.

Dungeon Overview and Level Annotations

Branches:
Dungeon (4/15)
 Temple: D:4-7

Altars:
Sif Muna

Annotations:
D:3 Ijyb


Innate Abilities, Weirdness & Mutations

You are too large for most types of armour.
You have claws for hands.
Your metabolism is lightning-fast.
You like to eat raw meat.
You heal very quickly.
You are covered in fur. (AC +1)
You have very tough skin. (AC +2)


Message History

You claw the orc!
You kill the orc!
You mangle the orc!!
You kill the orc!
You claw the orc!
You kill the orc!
Items here: ( )) [[[ †
c - 4 tomahawks
f - a red potion
There is a stone staircase leading up here.
You climb upwards.
A jackal and a worm come into view.
Found a cyan potion.
There is a stone staircase leading down here.
You see here a cyan potion.
g - a cyan potion 2 jackals and Ijyb come into view.
Ijyb is wielding a dagger of electrocution.
The helpless jackal fails to defend itself.
You claw the jackal!
You kill the jackal!
Ijyb shouts!
The jackal barks! x2
A jackal comes into view.
You mangle the worm!!
You kill the worm!
You block the jackal's attack.
You barely miss the jackal. You block the jackal's attack.
The jackal bites you but does no damage.
You closely miss Ijyb.
Ijyb hits you with a dagger of electrocution.
* * * LOW HITPOINT WARNING * * *
The jackal bites you but does no damage.
You mangle Ijyb!!
Ijyb is severely wounded.
You block the jackal's attack.
Ijyb hits you with a dagger of electrocution.
* * * LOW HITPOINT WARNING * * *
You are electrocuted!
Ouch! That really hurt!
You die...

#.
#.###
#...#
#.#.#
#.#.#
#.hg#
#.#@#
#hh>#
#.#.#
#.#.#
#.#..
#h####
#h #.
#.


You could see Ijyb and 3 jackals.

Vanquished Creatures
  An orc wizard (D:4)
  2 worms
  3 orcs (D:4)
  A jackal (D:3)
  A kobold (D:2)
  A bat (D:3)
  A giant newt (D:1)
10 creatures vanquished.

Vanquished Creatures (others)
  A worker ant (D:4)
  An adder (D:4)
  2 worms (D:4)
  An orc (D:4)
5 creatures vanquished.

Grand Total: 15 creatures vanquished

Notes
Turn   | Place    | Note
--------------------------------------------------------------
     0 | D:1      | Implojin the Troll Fighter began the quest for the Orb.
     0 | D:1      | Reached XP level 1. HP: 22/22 MP: 0/0
    75 | D:4      | Found a deep blue altar of Sif Muna.
    85 | D:4      | Noticed an orc wizard
   101 | D:4      | Killed an orc wizard
   101 | D:4      | Reached skill level 3 in Unarmed Combat
   101 | D:4      | Reached XP level 2. HP: 7/29 MP: 1/1
   101 | D:4      | Reached XP level 3. HP: 8/36 MP: 2/2
   122 | D:3      | Noticed Ijyb
   129 | D:3      | Slain by Ijyb

Vault maps used:
D:1:      dpeg_arrival_shelter, minmay_bisected
D:3:      kb_forest_paths, grunt_ministairs_1, uniq_iyjb
D:4:      nicolae_overflow_crystal_walls, old_standard_altar, minitemple,
          nicolae_ossuary_entry_catacombs, xom_confusion_cloud

Skill      XL: |  1 |
---------------+----+-----
Unarmed Combat | 3 |  3.9
Fighting       | |  2.4
Dodging        | |  2.4
Shields        | |  2.4

Action                   || total
-------------------------++-------
Melee: Unarmed           ||    25
  Use: Potion            ||     1
 Stab: Sleeping          ||     1
Armor: Robe              ||     7
Dodge: Dodged            ||     9
Block: Shield            ||    14

Table legend:
 A = Turns spent in this place as a percentage of turns spent in the entire game.
 B = Non-inter-level travel turns spent in this place as a percentage of non-inter-level travel turns spent in the entire game.
 C = Inter-level travel turns spent in this place as a percentage of turns spent in this place.
 D = Turns resting spent in this place as a percentage of non-inter-level travel turns spent in this place.
 E = Turns spent auto-exploring this place as a percentage of non-inter-level travel turns spent in this place.
 F = Non-inter-level travel turns spent in this place divided by the number of levels of this place that you've seen.
                   A       B       C       D       E      F
               +-------+-------+-------+-------+-------+----------------------
         Total | 100.0 | 100.0 |   0.0 |   0.0 |   0.0 |  32.8
       Dungeon | 100.0 | 100.0 |   0.0 |   0.0 |   0.0 |  32.8
               +-------+-------+-------+-------+-------+----------------------

Table legend:
 A = Kills in this place as a percentage of kills in entire the game.
 B = Kills by you in this place as a percentage of kills by you in the entire game.
 C = Kills by friends in this place as a percentage of kills by friends in the entire game.
 D = Other kills in this place as a percentage of other kills in the entire game.
 E = Experience gained in this place as a percentage of experience gained in the entire game.
 F = Experience gained in this place divided by the number of levels of this place that you have seen.
                   A       B       C       D       E      F
               +-------+-------+-------+-------+-------+----------------------
         Total | 100.0 | 100.0 |  -nan |  -nan | 100.0 |  16.2
       Dungeon | 100.0 | 100.0 |  -nan |  -nan | 100.0 |  16.2
               +-------+-------+-------+-------+-------+----------------------
